 Dungeon Crawl Stone Soup version 0.27-a0-1202-ge72e49191c (webtiles) character file.

Game seed: 3734416381401925987

2065 flotson the Skirmisher (level 9, -2/66 (69) HPs)
             Began as a Demonspawn Fighter on June 3, 2021.
             Was a Plaything of Xom.
             Slain by a profane servitor
             ... wielding a +3 whip
              (8 damage)
             ... on level 2 of the Abyss.
             The game lasted 00:11:12 (7135 turns).

flotson the Skirmisher (Demonspawn Fighter)         Turns: 7135, Time: 00:11:13

HP:   -2/66 (69)    AC:  7    Str: 20    XL:     9   Next: 5%
MP:   9/9           EV: 24    Int:  7    God:    Xom [......]
Gold: 818           SH:  9    Dex:  9    Spells: 8/8 levels left

rFire    . . .     SeeInvis .   a - +2 demon blade (vamp)
rCold    . . .     Faith    .   c - +0 kite shield
rNeg     . . .     Spirit   .   y - +0 scale mail
rPois    .         Reflect  .   (no helmet)
rElec    .         Harm     .   (no cloak)
rCorr    .         Rampage  .   r - +0 pair of gloves
Will     .....     Clarity  +   s - +0 pair of boots
Stlth    ..........             q - amulet of the acrobat
HPRegen  0.21/turn              g - ring of flight
MPRegen  0.22/turn              (no ring)

@: acrobatic, flying, wreathed by umbra, lightly drained
A: talons 1, spiny 1, magic regeneration, sharp scales 1, clarity, clumsy 2,
deformed body, dopey 1, wild magic 2, MP-powered wands
a: Renounce Religion


You were on level 2 of the Abyss.
You worshipped Xom.
You were a very special plaything of Xom.
You visited 1 branch of the dungeon, and saw 6 of its levels.
You visited the Abyss 1 time.

You collected 1357 gold pieces.
You spent 539 gold pieces at shops.

Inventory:

Hand Weapons
 a - a +2 vampiric demon blade (weapon)
 b - a +0 hand crossbow of flaming
 o - a +1 hand axe of distortion
Missiles
 i - 30 poisoned darts
 n - 5 curare-tipped darts (quivered)
 z - 23 bolts
Armour
 c - a +0 kite shield (worn)
 r - a +0 pair of gloves (worn)
 s - a +0 pair of boots (worn)
 t - a +0 plate armour
 y - a +0 scale mail (worn)
Jewellery
 g - a ring of flight (left hand)
 q - an amulet of the acrobat (around neck)
Wands
 v - a wand of paralysis (6)
Scrolls
 e - 4 scrolls of identify {unknown}
 f - 2 scrolls of immolation {unknown}
 h - 2 scrolls of blinking {unknown}
 j - 3 scrolls of enchant armour {unknown}
 u - 2 scrolls of fear {unknown}
 x - a scroll of magic mapping {unknown}
 A - 2 scrolls of teleportation {unknown}
Potions
 d - a potion of might
 k - a potion of curing {unknown}
 l - 2 potions of resistance {unknown}
 m - a potion of lignification {unknown}
 p - a potion of cancellation {unknown}
 w - a potion of haste {unknown}
 B - 2 potions of magic {unknown}


   Skills:
 + Level 5.7 Fighting
 + Level 0.0 Long Blades
 - Level 4.7 Axes
 + Level 0.0 Crossbows
 - Level 4.2 Throwing
 + Level 5.1 Armour
 + Level 4.1 Dodging
 + Level 5.1 Shields


You had 8 spell levels left.
You didn't know any spells.
Your spell library contained the following spells:

 Spells                   Type           Power      Damage    Failure   Level
 Magic Dart               Conj           0%         1d3       99%         1
 Searing Ray              Conj           0%         3d3       100%        2
 Confusing Touch          Hex            0%         N/A       100%        3
 Dazzling Flash           Conj/Hex       0%         N/A       100%        3
 Gell's Gravitas          Tloc           0%         N/A       100%        3
 Teleport Other           Tloc           0%         N/A       100%        3
 Fulminant Prism          Conj/Hex       0%         3d6       100%        4
 Iskenderun's Mystic Bla  Conj/Tloc      0%         2d3       100%        4
 Olgreb's Toxic Radiance  Pois           0%         N/A       100%        4
 Petrify                  Tmut/Erth      0%         N/A       100%        4
 Metabolic Englaciation   Hex/Ice        0%         N/A       100%        5
 Yara's Violent Unravell  Hex/Tmut       0%         3d3       100%        5
 Eringya's Noxious Bog    Tmut/Pois      0%         N/A       100%        6
 Disjunction              Tloc           0%         N/A       100%        8


Dungeon Overview and Level Annotations

Branches:
Dungeon (6/15)             Temple (0/1) D:5

Altars:
Ashenzari
Cheibriados
Kikubaaqudgha
Okawaru
Qazlal
Ru
Trog
Vehumet
Xom

Shops:
D:2 !   D:6 (

Annotations:
Abyss:1 Ijyb


Innate Abilities, Weirdness & Mutations

You have sharp toenails.
You are partially covered in sharp spines.
You regenerate magic rapidly.
You are partially covered in razor-sharp scales. (AC +1, Slay +1)
You possess an exceptional clarity of mind.
You are very clumsy. (Dex -4)
Armour fits poorly on your strangely shaped body.
You are dopey. (Int -2)
Your spells are harder to cast, but more powerful.
You expend magic power (3 MP) to strengthen your wands.


Message History

Found a battleaxe and 30 gold pieces.
Found 33 gold pieces.
Found a gateway leading deeper into the Abyss. "This might be better!"
The profane servitor is moving more slowly.
A smoke demon comes into view.
A large abomination comes into view.
The large abomination moves out of view.
A small abomination comes into view. 2 sun demons come into view.
The sun demon shouts! x2
A sun demon comes into view.
The sun demon shouts!
A balrug comes into view.
It is wielding a +0 demon whip of electrocution.
Xom alters the dungeon around you. The balrug gestures at you.
Something smites you!
The profane servitor completely misses you.
The profane servitor hits you with a +3 whip!
You feel drained.
The profane servitor hits you with a +3 whip!
The profane servitor draws strength from your injuries!
You block the profane servitor's attack.
The profane servitor is struck by your spines.
The profane servitor hits you with a +3 whip!
The profane servitor draws strength from your injuries!
The profane servitor hits you with a +3 whip!
* * * LOW HITPOINT WARNING * * *
The profane servitor hits you with a +3 whip.
* * * LOW HITPOINT WARNING * * *
The profane servitor draws strength from your injuries!
The profane servitor hits you with a +3 whip!
* * * LOW HITPOINT WARNING * * *
You feel drained.
* * * LOW HITPOINT WARNING * * *
Found a shimmering altar of Xom.
You feel your health improve.
The profane servitor hits you with a +3 whip!
You die...
Xom bursts into laughter!

.## .. . ...#. #. ###
..#. .# ... #.. . #..
.# ###.#.#.# ...
##....#..#
.##..###.....@# ....
.....#.A#...#
...#...##.#3##.#.# ..
##......##.#._....#
..###...###..3###...###
...#.....#..3..#.....#
.....2...2.2...........
..........._...........
.. ....................


You could see a profane servitor, a balrug and 3 sun demons.

Vanquished Creatures
  Prince Ribbit (D:6)
  Sigmund (D:3)
  A black bear (D:6)
  A centaur (D:5)
  2 necrophages
  An ogre (D:5)
  A phantom (D:4)
  4 scorpions (D:5)
  A water moccasin zombie (D:5)
  A killer bee (D:5)
  A crimson imp (D:6)
  2 centaur zombies (D:5)
  An orc priest (D:6)
  4 hounds
  A jelly (D:5)
  Terence (D:2)
  3 iguanas
  A killer bee zombie (D:3)
  A hound zombie (D:5)
  2 howler monkey skeletons
  2 howler monkey zombies
  7 gnolls
  5 adders
  3 white imps
  2 ufetubi
  An adder skeleton (D:4)
  A worm (D:3)
  A dart slug (D:4)
  8 orcs
  4 endoplasms
  A giant cockroach (D:3)
  5 goblins
  6 hobgoblins
  4 jackals (D:4)
  3 quokkas
  4 ball pythons
  7 bats
  3 frilled lizards
  12 kobolds
  5 rats
115 creatures vanquished.

Notes
Turn   | Place    | Note
-------+----------+-------------------------------------------
     0 | D:1      | flotson the Demonspawn Fighter began the quest for the Orb.
     0 | D:1      | Reached XP level 1. HP: 18/18 MP: 1/1
   327 | D:1      | Gained mutation: You have sharp toenails. [demonic
                  | ancestry]
   327 | D:1      | Reached XP level 2. HP: 24/24 MP: 2/2
  1032 | D:2      | Found Wetz's Distillery.
  1097 | D:2      | Reached skill level 1 in Dodging
  1097 | D:2      | Reached XP level 3. HP: 23/29 MP: 3/3
  1386 | D:1      | Reached XP level 4. HP: 21/35 MP: 4/4
  1518 | D:2      | Reached skill level 1 in Throwing
  1803 | D:2      | Noticed Terence
  1827 | D:2      | Killed Terence
  2109 | D:3      | Reached XP level 5. HP: 27/42 MP: 5/5
  2228 | D:3      | Found a faded altar of an unknown god.
  2240 | D:3      | Became a worshipper of Xom of Unknown Intention
  2388 | D:3      | Noticed Ijyb
  2392 | D:3      | XOM: silly message
  2393 | D:3      | Banished Ijyb
  2977 | D:3      | Noticed Sigmund
  2978 | D:3      | XOM: silly message
  2998 | D:3      | XOM: silly message
  3424 | D:3      | Killed Sigmund
  3425 | D:3      | Gained mutation: You are partially covered in sharp spines.
                  | [demonic ancestry]
  3425 | D:3      | Reached XP level 6. HP: 12/48 MP: 6/6
  3519 | D:3      | XOM: cloud trail
  3741 | D:3      | Found a shimmering altar of Xom.
  4159 | D:4      | XOM: divination: magic mapping
  4180 | D:4      | Found a stormy altar of Qazlal.
  4180 | D:4      | Found a sacrificial altar of Ru.
  4181 | D:4      | Found a shimmering altar of Xom.
  4250 | D:4      | Identified Xom's Handbook of Experimentation (Xom gifted it
                  | to you on level 4 of the Dungeon)
  4250 | D:4      | XOM: god gift: Xom's Handbook of Experimentation
  4390 | D:4      | XOM: god gift: plate armour {god gift}
  4434 | D:4      | XOM: 3-stop teleportation journey
  4772 | D:4      | XOM: give mutations
  4772 | D:4      | Gained mutation: You sometimes lose the ability to read
                  | scrolls when taking damage. [Xom's mischief]
  4772 | D:4      | Gained mutation: You are clumsy. (Dex -2) [Xom's mischief]
  4772 | D:4      | Gained mutation: Armour fits poorly on your strangely
                  | shaped body. [Xom's mischief]
  4843 | D:4      | Gained mutation: You are partially covered in razor-sharp
                  | scales. (AC +1, Slay +1) [demonic ancestry]
  4843 | D:4      | Reached XP level 7. HP: 41/55 MP: 7/7
  5099 | D:5      | Entered Level 5 of the Dungeon
  5120 | D:4      | XOM: god gift: 731 gold pieces
  5143 | D:4      | XOM: give mutations
  5143 | D:4      | Gained mutation: Your spells are a little harder to cast,
                  | but a little more powerful. [Xom's grace]
  5143 | D:4      | Gained mutation: Your spells are harder to cast, but more
                  | powerful. [Xom's grace]
  5143 | D:4      | Gained mutation: You possess an exceptional clarity of
                  | mind. [Xom's grace]
  5143 | D:4      | Gained mutation: You expend magic power (3 MP) to
                  | strengthen your wands. [Xom's grace]
  5155 | D:5      | Found a staircase to the Ecumenical Temple.
  5178 | D:5      | XOM: confuse monster(s)
  5261 | D:5      | XOM: cast spell 'Metabolic Englaciation'
  5437 | D:5      | XOM: god gift: scroll labelled PAPRYTZ PODWANK {god gift}
  5458 | D:5      | XOM: enchant monster (good)
  5475 | D:5      | XOM: fog
  5491 | D:5      | XOM: torment (26/55 hp)
  5531 | D:5      | Gained mutation: You regenerate magic rapidly. [demonic
                  | ancestry]
  5531 | D:5      | Reached XP level 8. HP: 31/61 MP: 8/8
  5698 | D:5      | XOM: 2-stop teleportation journey
  5708 | D:5      | Reached skill level 5 in Fighting
  5711 | D:5      | XOM: polymorph iguana -> killer bee
  5729 | D:5      | XOM: 1-stop teleportation journey
  5952 | D:5      | XOM: silly message
  6010 | D:5      | XOM: enchant monster (bad)
  6142 | D:5      | Found an iron altar of Okawaru.
  6142 | D:5      | Found a bloodstained altar of Trog.
  6142 | D:5      | Found a snail-covered altar of Cheibriados.
  6142 | D:5      | Found a broken altar of Ashenzari.
  6150 | D:5      | Found a radiant altar of Vehumet.
  6150 | D:5      | Found an ancient bone altar of Kikubaaqudgha.
  6384 | D:6      | XOM: give mutations
  6384 | D:6      | Gained mutation: You occasionally shout uncontrollably at
                  | your foes. [Xom's mischief]
  6384 | D:6      | Lost mutation: You sometimes lose the ability to read
                  | scrolls when taking damage. [Xom's mischief]
  6384 | D:6      | Gained mutation: You are very clumsy. (Dex -4) [Xom's
                  | mischief]
  6384 | D:6      | Gained mutation: You are dopey. (Int -2) [Xom's mischief]
  6403 | D:6      | Noticed Prince Ribbit
  6413 | D:6      | Killed Prince Ribbit
  6502 | D:6      | XOM: noise
  6504 | D:6      | XOM: swap monsters
  6508 | D:6      | Reached skill level 5 in Armour
  6508 | D:6      | Reached skill level 5 in Shields
  6552 | D:6      | Reached XP level 9. HP: 68/69 MP: 9/9
  6679 | D:6      | Found Rof Zylo's Antique Weapon Emporium.
  6687 | D:6      | Bought a glowing hand crossbow for 143 gold pieces
  6789 | D:2      | XOM: scenery: 1 doors close
  6823 | D:1      | XOM: torment (36/69 hp)
  7041 | D:5      | XOM: give mutation
  7041 | D:5      | Lost mutation: You occasionally shout uncontrollably at
                  | your foes. [Xom's mischief]
  7057 | D:6      | Bought a runed demon blade for 396 gold pieces
  7057 | D:6      | Cast into level 2 of the Abyss (unwielding a weapon of
                  | distortion)
  7083 | Abyss:2  | Noticed an ancient zyme
  7104 | Abyss:2  | Noticed a profane servitor
  7104 | Abyss:2  | XOM: enchant monster (good)
  7106 | Abyss:2  | Noticed a smoke demon
  7112 | Abyss:2  | Noticed a large abomination
  7124 | Abyss:2  | Noticed a sun demon
  7124 | Abyss:2  | Noticed a sun demon
  7125 | Abyss:2  | Noticed a sun demon
  7125 | Abyss:2  | Noticed a balrug
  7127 | Abyss:2  | XOM: scenery: create altars
  7133 | Abyss:2  | Found a shimmering altar of Xom.
  7135 | Abyss:2  | Slain by a profane servitor

Illustrated notes

Levels and vault maps discovered:
D:1:      minmay_arrival_four_houses, layout_loops_ring, minmay_pentomino_w2
D:2:      layout_loops_corners, serial_shops, shop, skrybe_limestone_x,
          uniq_terence
D:3:      wad_crossroads, layout_loops_ring,
          hellmonk_ecumenical_altar_pennies_from_heaven, uniq_sigmund, uniq_ijyb
D:4:      layout_cave_pods, chequers_temple_overflow_statue_of_worship
D:5:      minmay_polygon_palace, layout_loops_cross, minmay_overflow_temple_hex,
          minmay_temple_entry_hall
D:6:      layout_basic, nicolae_gozag_cash_rules_everything_around_me,
          serial_shops, shop, ldierk_geyser, minmay_fire_ice_demons,
          uniq_edmund, uniq_prince_ribbit1
Abyss:2:  base:
D:5

Skill      XL: |  1  2  3  4  5  6  7  8 |
---------------+-------------------------+-----
Axes           | 2 3 4 |  4.7
Armour         | 3 4 5 |  5.1
Dodging        | 1 2 3 4 |  4.1
Shields        | 3 4 5 |  5.1
Throwing       | 1 2 3 4 |  4.2
Fighting       | 4 5 |  5.7

Action                   |  1- 3 |  4- 6 |  7- 9 || total
-------------------------+-------+-------+-------++-------
Melee: War axe           |    68 |     9 |       ||    77
       Kick              |    13 |    12 |       ||    25
       Hand axe          |       |    78 |   108 ||   186
       Unarmed           |       |     7 |       ||     7
Throw: Dart              |       |    17 |     2 ||    19
 Stab: Confused          |       |       |     1 ||     1
Armor: Scale mail        |    33 |    32 |    33 ||    98
Dodge: Dodged            |    24 |    31 |    49 ||   104
Block: Kite shield       |    34 |    44 |    50 ||   128

Table legend: (Time is in decaauts)
 A = Elapsed time spent in this place.
 B = Non-inter-level travel time spent in this place.
 C = Inter-level travel time spent in this place.
 D = Time resting spent in this place.
 E = Time spent auto-exploring this place.
 F = Levels seen in this place.
 G = Mean time per level.
                   A        B        C        D        E       F      G
               +--------+--------+--------+--------+--------+-----+--------+
         Total |   7236 |   6709 |    527 |    129 |   5586 |   7 | 1033.7 |
       Dungeon |   7159 |   6632 |    527 |    129 |   5562 |   6 | 1193.2 |
         Abyss |     77 |     77 |      0 |      0 |     24 |   1 |   77.0 |
               +--------+--------+--------+--------+--------+-----+--------+

Top non-repeatable levels by time:
     D:3: 2042 daAuts
     D:2: 1444 daAuts
     D:5: 1283 daAuts
     D:4: 1106 daAuts
     D:1: 888 daAuts
     D:6: 394 daAuts
 Abyss:2: 77 daAuts
